 Dungeon Crawl Stone Soup version 0.27-a0-1555-g0e7b3fb1d2 (webtiles) character file.

Game seed: 13504789543163273677

10 Tocho the Ducker (level 2, -2/22 HPs)
             Began as a Vampire Gladiator on July 14, 2021.
             Slain by a hobgoblin (6 damage)
             ... on level 1 of the Dungeon.
             The game lasted 00:00:19 (74 turns).

Tocho the Ducker (Vampire Gladiator)                  Turns: 74, Time: 00:00:20

Health: -2/22      AC:  4    Str: 13    XL:     2   Next: 10%
Magic:  2/2        EV: 13    Int: 10    God:
Gold:   12         SH:  0    Dex: 15    Spells: 1/1 levels left

rFire    . . .     SeeInvis +   a - +0 rapier
rCold    . . .     Faith    .   (no shield)
rNeg     . . .     Spirit   .   b - +0 leather armour
rPois    .         Reflect  .   c - +0 helmet
rElec    .         Harm     .   (no cloak)
rCorr    .         Rampage  .   (no gloves)
Will     .....                  (no boots)
Stlth    +.........             (no amulet)
HPRegen  0.27/turn              (no ring)
MPRegen  0.08/turn              (no ring)

@: healing quickly
A: alive, fangs 3, see invisible, vampiric 1
a: Exsanguinate


You were on level 1 of the Dungeon.
You visited 1 branch of the dungeon, and saw 1 of its levels.

You collected 12 gold pieces.

Inventory:

Hand Weapons
 a - a +0 rapier (weapon)
Missiles
 d - 3 throwing nets (quivered)
Armour
 b - a +0 leather armour (worn)
 c - a +0 helmet (worn)
Scrolls
 e - a scroll of blinking {unknown}
 g - a scroll of teleportation {unknown}
Potions
 f - a potion of magic {unknown}


   Skills:
 + Level 1.7 Fighting
 * Level 3.6 Short Blades
 + Level 1.5 Throwing
 + Level 3.6 Dodging
 * Level 0.4 Stealth


You had one spell level left.
You didn't know any spells.
Your spell library was empty.

Dungeon Overview and Level Annotations

Branches:
Dungeon (1/15)

Altars:


Innate Abilities, Weirdness & Mutations

Your natural rate of healing is accelerated.
You have razor-sharp teeth.
You have supernaturally acute eyesight. (SInv)
You are afflicted with vampirism.


Message History

You kill the endoplasm!
A bat comes into view.
You hit the jackal.
The jackal is almost dead.
The jackal bites you but does no damage.
You hit the jackal.
You kill the jackal!
You hit the jackal. Your bite misses the jackal.
The jackal is almost dead.
The jackal closely misses you. x2
You hit the jackal.
You kill the jackal!
You puncture the ball python!
You kill the ball python!
The hobgoblin misses you.
You have reached level 2!
You barely miss the jackal. You bite the jackal, but do no damage.
The jackal is almost dead.
The jackal closely misses you. The hobgoblin barely misses you.
The jackal barely misses you.
You closely miss the jackal.
The jackal is almost dead.
The hobgoblin hits you but does no damage.
The jackal closely misses you.
You hit the jackal.
You kill the jackal!
The bat barely misses you.
The hobgoblin hits you but does no damage.
The bat misses you. The bat closely misses you.
The hobgoblin hits you with a +0 spear.
Things that are here:
a ball python corpse; a jackal corpse You barely miss the bat.
The bat misses you. The hobgoblin hits you with a +0 spear.
* * * LOW HITPOINT WARNING * * *
The bat misses you. The hobgoblin barely misses you. The bat hits you.
* * * LOW HITPOINT WARNING * * *
The hobgoblin hits you with a +0 spear.
You die...

########.................
#..)..............
#.................
#....###...###...# #....#
#...# #.^.# #....# #...#
#...# #.#### ##### #####
#.# #@####### #bg......
...............
#######.######. #.# ..#
###


You could see a hobgoblin and a bat.

Vanquished Creatures
  An endoplasm (D:1)
  2 goblins (D:1)
  3 jackals (D:1)
  2 ball pythons (D:1)
8 creatures vanquished.

Notes
Turn   | Place    | Note
-------+----------+-------------------------------------------
     0 | D:1      | Tocho the Vampire Gladiator began the quest for the Orb.
     0 | D:1      | Reached XP level 1. HP: 16/16 MP: 1/1
    68 | D:1      | Reached XP level 2. HP: 12/22 MP: 2/2
    74 | D:1      | Slain by a hobgoblin

Illustrated notes

Levels and vault maps discovered:
D:1:      minmay_arrival_hallway, layout_basic

Action                   || total
-------------------------++-------
Melee: Rapier            ||    23
       Bite              ||     2
Armor: Leather armour    ||     5
Dodge: Dodged            ||    17

Table legend: (Time is in decaauts)
 A = Elapsed time spent in this place.
 B = Non-inter-level travel time spent in this place.
 C = Inter-level travel time spent in this place.
 D = Time resting spent in this place.
 E = Time spent auto-exploring this place.
 F = Levels seen in this place.
 G = Mean time per level.
                   A        B        C        D        E       F      G
               +--------+--------+--------+--------+--------+-----+--------+
         Total |     74 |     74 |      0 |      0 |     33 |   1 |   74.0 |
       Dungeon |     74 |     74 |      0 |      0 |     33 |   1 |   74.0 |
               +--------+--------+--------+--------+--------+-----+--------+

Top non-repeatable levels by time:
     D:1: 74 daAuts
